Map: Cyber Forest LE

Players

Serral - Winner!

  • Race: Zerg Zerg
  • League: Grandmaster
  • Spawn Location: 5:00

llllllllllll (Oliveira)

  • Race: Terran Terran
  • League: Master
  • Spawn Location: 11:00

Event: 2019 Assembly Summer

VOD

Have the link to the VOD?

Description

Time

  • Played on: Aug. 3, 2019, 8:43 a.m.
  • Length: 18:21

All games in this series

Show
View Real Time Build Order
Export as new Build Order

Serral Zerg - Winner!

Build Orders: Hatch First 

Get SALT Encoding   

  12  0:00  Drone  
  13  0:12  Overlord  
  13  0:16  Drone  
  14  0:30  Drone x2  
  16  0:48  Hatchery  
  15  0:51  Drone  
  15  0:54  Drone  
  17  0:57  Drone  
  18  1:08  Extractor  
  17  1:12  Spawning Pool  
  17  1:17  Drone  
  17  1:19  Drone  
  18  1:28  Drone  
  19  1:59  Queen x2  
  24  2:01  Zergling x8  
  27  2:20  Drone x2  
  26  2:23  Drone x2  
  26  2:33  Drone  
  26  2:36  Drone  
  28  2:43  Overlord  
  28  2:58  Overlord  
  28  3:01  Queen  
  28  3:02  Drone  
  28  3:03  Drone  
  28  3:04  Drone  
  33  3:07  Drone  
  33  3:10  Drone  
  33  3:12  Drone  
  36  3:17  Drone  
  36  3:18  Drone  
  37  3:32  Hatchery, Drone  
  37  3:35  Drone  
  37  3:41  Queen  
  40  3:44  Drone  
  40  3:45  Drone  
  42  3:49  Overlord  
  42  3:53  Metabolic Boost  
  42  3:57  Overlord  
  42  4:00  Drone  
  43  4:08  Zergling x6  
  43  4:09  Drone  
  47  4:10  Drone x2  
  47  4:14  Overlord  
  49  4:20  Drone, Queen  
  52  4:26  Baneling Nest  
  52  4:29  Zergling x2  
  52  4:30  Zergling x2  
  53  4:32  Overlord  
  53  4:37  Zergling x4  
  55  4:41  Overlord  
  55  4:44  Queen  
  57  4:49  Drone  
  57  4:50  Drone x2  
  57  4:52  Overlord  
  60  4:54  Zergling x2  
  60  4:55  Drone  
  60  4:56  Drone  
  63  5:01  Queen  
  63  5:06  Lair  
  65  5:11  Drone, Baneling x2  
  65  5:12  Drone  
  67  5:15  Drone x2  
  67  5:19  Drone  
  70  5:21  Overlord  
  70  5:23  Drone x3  
  70  5:25  Drone  
  74  5:30  Extractor x2  
  74  5:32  Drone x4  
  74  5:33  Drone  
  76  5:38  Drone, Overlord  
  76  5:39  Drone  
  77  5:47  Zergling x8  
  81  5:55  Zergling x10  
  86  6:01  Extractor  
  85  6:05  Centrifical Hooks  
  85  6:07  Drone x3  
  85  6:09  Evolution Chamber  
  85  6:10  Overseer  
  87  6:12  Baneling x2  
  87  6:13  Evolution Chamber  
  87  6:14  Drone  
  87  6:15  Drone x2  
  89  6:20  Zergling x12  
  89  6:25  Baneling x4, Queen x2  
  91  6:27  Zergling x2  
  96  6:33  Baneling x3  
  91  6:47  Hatchery  
  91  6:51  Hatchery  
  91  6:53  Overlord x2  
  89  6:57  Baneling x3  
  89  7:07  Zerg Melee Weapons Level 1  
  89  7:09  Overlord  
  89  7:10  Drone x2  
  89  7:12  Drone x2  
  89  7:13  Zergling x6  
  89  7:14  Zergling x2  
  97  7:23  Zergling x6  
  97  7:28  Overlord  
  100  7:38  Zergling x10  
  100  7:39  Zergling x6  
  100  7:40  Baneling x9  
  100  7:42  Zergling x2  
  109  7:46  Baneling  
  109  7:47  Baneling x5  
  109  7:48  Zergling x2  
  110  7:56  Zergling x2  
  110  7:57  Zergling x2  
  112  8:03  Zergling x6  
  114  8:10  Queen x3  
  120  8:14  Queen  
  121  8:22  Baneling x6  
  119  8:29  Zergling x22  
  111  8:36  Zergling x10  
  105  8:45  Zerg Ground Armor Level 1  
  102  8:52  Zergling x20  
  102  8:53  Baneling x7  
  102  8:54  Baneling  
  108  8:57  Zergling x2  
  109  9:04  Zerg Melee Weapons Level 2  
  103  9:14  Zergling x22  
  103  9:16  Baneling x3  
  103  9:17  Baneling x2  
  110  9:19  Baneling x5  
  110  9:20  Baneling  
  110  9:24  Drone  
  110  9:26  Baneling x3  
  110  9:27  Baneling, Zergling x6  
  101  9:42  Zergling x24  
  101  9:45  Baneling x5  
  95  9:54  Zergling x2  
  95  9:55  Zergling x10  
  99  10:02  Baneling x4  
  96  10:07  Baneling x2  
  96  10:08  Baneling x3, Zergling x10  
  96  10:09  Zergling x2  
  96  10:13  Zergling x4  
  104  10:25  Zergling x14  
  105  10:41  Zergling x10  
  105  10:42  Zerg Ground Armor Level 2  
  110  10:46  Baneling x9  
  110  10:49  Zergling x4  
  111  10:51  Zergling x2  
  112  11:00  Zergling x8  
  111  11:15  Zergling x26  
  111  11:17  Baneling  
  111  11:18  Baneling x4  
  111  11:24  Zergling x8  
  111  11:25  Baneling x9  
  115  11:30  Zergling x2  
  116  11:36  Baneling x5  
  113  11:41  Zergling x20  
  111  11:48  Spawning Pool  
  105  12:29  Hatchery  
  96  12:38  Zergling x22  
  96  12:44  Zergling x6  
  96  12:49  Queen x2  
  96  12:50  Zergling x6  
  96  12:51  Lair  
  106  12:53  Spore Crawler  
  106  12:54  Baneling x12  
  106  12:55  Hatchery  
  106  12:57  Baneling x5  
  96  13:06  Zergling x6  
  96  13:11  Zergling x10  
  103  13:19  Zergling x2  
  104  13:24  Queen x2  
  108  13:31  Zergling x6  
  108  13:33  Hatchery  
  99  13:38  Baneling x8  
  99  13:39  Zergling x12  
  100  13:43  Baneling x4  
  100  13:46  Zergling x4  
  102  13:56  Zergling x6  
  102  14:00  Queen  
  107  14:08  Baneling  
  107  14:09  Baneling x5  
  107  14:12  Overlord x2  
  107  14:14  Drone x8  
  107  14:16  Zergling x4  
  117  14:18  Baneling  
  117  14:19  Baneling x4  
  117  14:20  Zergling x6  
  120  14:26  Baneling x2  
  120  14:27  Baneling x3  
  119  14:32  Zergling x8  
  123  14:40  Baneling  
  123  14:41  Baneling x6, Zergling x10  
  123  14:42  Zergling x2  
  129  14:48  Zergling x8  
  129  14:50  Baneling x5  
  128  15:02  Spore Crawler  
  115  15:10  Zergling x20  
  97  15:20  Zergling x10  
  100  15:30  Baneling x4  
  100  15:31  Zergling x8  
  102  15:45  Zergling x18  
  110  15:56  Drone x4, Queen x3  
  115  15:58  Queen  
  117  16:05  Drone x5  
  122  16:11  Zergling x8  
  122  16:17  Zergling x4  
  128  16:21  Zergling x2  
  128  16:25  Overlord  
  129  16:28  Drone x3  
  129  16:30  Zergling x8  
  136  16:33  Baneling x6  
  136  16:34  Baneling x4  
  136  16:39  Overlord x2  
  135  16:53  Zergling x16  
  135  16:59  Zergling x8  
  138  17:06  Baneling x8, Extractor  
  129  17:10  Zergling x16  
  134  17:23  Zergling x20  
  141  17:42  Zergling x16  
  148  17:49  Hatchery, Zergling x2  
  148  17:50  Zergling x12  
  145  18:02  Zergling x14  
Show
View Real Time Build Order
Export as new Build Order

llllllllllll Terran 

Build Orders:  

Get SALT Encoding   

  12  0:00  SCV  
  13  0:13  SCV  
  14  0:18  Supply Depot  
  14  0:25  SCV  
  15  0:42  Barracks  
  15  0:51  Barracks  
  15  0:55  SCV  
  16  1:03  Refinery  
  16  1:07  SCV  
  17  1:19  SCV  
  18  1:29  Marine  
  18  1:32  Orbital Command  
  19  1:39  Marine  
  20  1:43  Bunker  
  20  1:47  Marine  
  20  1:52  Supply Depot  
  21  1:57  Marine  
  21  1:59  Bunker  
  22  2:01  SCV  
  23  2:14  Marine  
  23  2:15  Marine  
  25  2:16  SCV  
  24  2:28  Factory  
  23  2:31  Marine  
  23  2:33  Marine  
  23  2:34  SCV  
  24  2:46  SCV  
  25  2:58  Command Center, SCV  
  26  3:14  Factory Reactor, Starport  
  26  3:15  SCV  
  26  3:18  Refinery  
  27  3:23  Supply Depot  
  27  3:27  SCV  
  28  3:39  SCV  
  29  3:47  Marine  
  30  3:50  Hellion x2, Barracks Tech Lab  
  30  3:51  Medivac, SCV  
  37  4:08  Stimpack  
  38  4:12  Hellion x2  
  38  4:13  Orbital Command  
  38  4:16  SCV  
  42  4:20  Marine  
  42  4:21  Marine  
  44  4:34  Orbital Command  
  44  4:36  Starport Reactor  
  44  4:41  SCV  
  45  4:46  Marine, Factory Tech Lab  
  45  4:51  Marine x2  
  48  4:53  SCV  
  49  5:01  SCV  
  49  5:02  Supply Depot  
  49  5:03  Supply Depot, Marine  
  49  5:05  Siege Tank  
  54  5:11  Marine x2, SCV  
  54  5:13  SCV  
  58  5:17  Medivac x2  
  62  5:23  Marine, SCV  
  62  5:26  SCV  
  65  5:28  Marine  
  65  5:29  Supply Depot  
  65  5:33  Supply Depot  
  66  5:35  SCV  
  66  5:38  SCV  
  66  5:42  Marine  
  69  5:46  Marine  
  69  5:47  SCV  
  71  5:50  SCV  
  71  5:54  Marine  
  71  5:55  Barracks  
  73  5:59  Starport Reactor  
  73  6:00  SCV  
  73  6:02  Siege Tank  
  77  6:04  SCV  
  77  6:05  Marine  
  77  6:09  Supply Depot  
  77  6:11  Marine  
  79  6:12  Combat Shield  
  79  6:16  SCV  
  81  6:18  Marine  
  81  6:24  Marine  
  83  6:31  Marine  
  84  6:37  Marine  
  79  6:41  Marine, SCV  
  79  6:46  Marine  
  73  6:49  Siege Tank, SCV  
  73  6:51  Marine  
  73  6:52  Supply Depot, Refinery x2, Marine, Engineering Bay  
  73  6:53  Engineering Bay  
  76  6:56  SCV  
  77  7:02  Marine  
  77  7:04  Marine, SCV  
  77  7:05  Medivac  
  82  7:12  Marine  
  83  7:16  SCV x2  
  83  7:17  Marine  
  83  7:19  Marine  
  83  7:22  Siege Tank  
  90  7:23  Marine x2  
  90  7:24  Terran Infantry Weapons Level 1  
  90  7:28  SCV  
  90  7:29  Marine  
  93  7:31  SCV  
  95  7:39  Marine  
  96  7:47  Marine  
  96  7:49  Command Center  
  96  7:52  Marine  
  97  7:59  Marine  
  97  8:02  SCV  
  97  8:03  Marine  
  97  8:05  Siege Tank  
  102  8:09  Terran Infantry Armor Level 1  
  102  8:10  Liberator  
  102  8:11  Marine  
  102  8:12  Supply Depot, Armory, Marine  
  103  8:14  Liberator  
  102  8:21  Marine  
  102  8:25  Marine  
  102  8:26  Marine  
  101  8:35  Marine  
  101  8:38  Marine  
  101  8:39  SCV  
  101  8:40  Marine  
  103  8:41  Siege Tank  
  104  8:52  Marine  
  102  8:57  Marine  
  102  8:59  Marine x2  
  102  9:01  Barracks, Orbital Command  
  105  9:03  Barracks  
  105  9:05  Marine  
  106  9:14  Marine  
  106  9:15  Marine  
  106  9:16  Siege Tank  
  106  9:17  Medivac  
  106  9:19  Marine  
  109  9:25  Terran Infantry Weapons Level 2  
  109  9:27  Marine  
  110  9:33  Marine  
  104  9:41  Marine  
  104  9:43  Marine  
  100  9:47  Marine  
  100  9:49  Siege Tank  
  100  9:52  Marine, Orbital Command  
  90  9:53  Marine  
  90  9:55  Medivac x2  
  90  9:59  Marine  
  96  10:00  Marine  
  96  10:04  Marine x2  
  99  10:07  Marine  
  99  10:11  Marine  
  101  10:15  Marine  
  101  10:17  Marine  
  101  10:20  Marine  
  100  10:22  Marine  
  100  10:23  Marine, Siege Tank  
  100  10:27  Marine  
  100  10:29  Medivac  
  100  10:35  Marine  
  100  10:36  Medivac  
  100  10:39  SCV  
  100  10:41  SCV  
  100  10:42  Marine, SCV  
  105  10:43  Marine  
  105  10:45  Marine  
  105  10:47  Marine  
  109  10:52  Marine  
  109  10:55  Marine x2  
  112  10:58  Siege Tank  
  115  11:06  Marine x2  
  115  11:08  Medivac x2  
  121  11:18  Marine  
  114  11:21  Marine x2  
  114  11:24  Supply Depot x2, SCV x2  
  118  11:33  Marine  
  118  11:34  Marine  
  118  11:35  Siege Tank  
  123  11:41  Marine  
  123  11:45  Marine x2  
  118  11:47  Medivac  
  118  11:48  Medivac  
  118  11:52  Marine  
  120  11:55  Marine x2  
  120  11:57  SCV  
  120  12:01  Marine x2, SCV  
  124  12:06  Marine  
  124  12:07  Marine, Siege Tank  
  109  12:09  Supply Depot, SCV  
  109  12:11  Marine  
  109  12:13  Marine  
  109  12:15  SCV  
  113  12:17  Marine  
  113  12:20  Marine x2  
  114  12:29  Marine  
  110  12:30  Marine  
  110  12:31  SCV x2  
  108  12:45  Marine x3  
  108  12:47  Medivac  
  108  12:48  Marine  
  114  12:52  SCV  
  114  12:53  SCV  
  114  12:57  Marine x2  
  118  13:03  SCV  
  117  13:07  Marine  
  117  13:08  Marine  
  117  13:10  Siege Tank  
  117  13:11  Marine  
  121  13:12  Marine  
  121  13:13  Marine  
  121  13:15  Marine  
  121  13:18  Marine  
  121  13:19  SCV  
  126  13:20  SCV  
  126  13:22  Liberator  
  126  13:23  Supply Depot  
  126  13:25  Liberator  
  106  13:36  Marine x3  
  106  13:38  Marine  
  106  13:39  Marine x2  
  109  13:51  Siege Tank  
  109  13:53  SCV x3  
  109  13:54  Supply Depot, Marine x2  
  117  13:56  Terran Infantry Armor Level 2  
  117  13:59  Marine  
  117  14:00  Marine  
  118  14:02  Marine  
  118  14:04  Orbital Command  
  118  14:07  Marine x2  
  121  14:11  Marine  
  121  14:12  Marine  
  121  14:16  Marine  
  124  14:18  Marine  
  124  14:20  Marine  
  124  14:22  SCV  
  127  14:25  Marine x2  
  127  14:29  Marine  
  127  14:30  Marine  
  127  14:34  Marine  
  127  14:36  Marine  
  127  14:38  Orbital Command  
  128  14:42  Marine  
  128  14:43  Marine x2  
  129  14:47  Marine  
  129  14:48  Marine  
  129  14:52  Marine  
  130  14:54  Marine  
  132  15:00  Marine  
  132  15:01  Marine x2  
  132  15:03  SCV x2  
  132  15:05  Supply Depot, Marine x2  
  134  15:10  Marine  
  134  15:12  Marine, SCV  
  105  15:15  SCV x2  
  105  15:18  Marine  
  105  15:19  Marine  
  103  15:29  SCV  
  103  15:35  Marine x4  
  104  15:37  SCV x2  
  104  15:40  Marine x2  
  104  15:41  SCV  
  110  15:43  Siege Tank  
  110  15:44  Marine  
  110  15:49  SCV  
  103  15:52  Marine  
  103  15:53  Marine  
  103  15:54  SCV x2  
  103  15:57  Marine  
  103  15:59  Marine  
  103  16:01  SCV  
  103  16:03  Marine  
  102  16:05  Marine  
  102  16:06  SCV x2  
  102  16:11  Marine  
  107  16:12  Marine  
  107  16:13  SCV  
  107  16:15  Marine  
  107  16:16  Marine  
  107  16:18  Medivac, SCV  
  111  16:20  Marine, Medivac  
  111  16:21  Marine  
  111  16:23  SCV  
  111  16:24  Marine  
  111  16:25  SCV  
  120  16:28  Marine  
  120  16:31  Orbital Command  
  121  16:35  Marine  
  121  16:36  Marine  
  120  16:44  Marine  
  120  16:45  Marine  
  120  16:46  Marine  
  121  16:49  Orbital Command  
  108  16:54  Marine  
  108  16:57  Marine  
  108  16:58  Marine  
  108  16:59  Marine  
  111  17:02  Marine  
  111  17:03  Marine  
  110  17:09  Marine  
  110  17:11  Orbital Command  
  110  17:12  Marine  
  110  17:14  Marine  
  110  17:22  Marine  
  111  17:24  Marine x2  
  113  17:35  Marine x2  
  113  17:37  Marine  
  115  17:38  Orbital Command  
  115  17:40  Marine  
  115  17:42  Marine x2  
  115  17:43  Orbital Command  
  117  17:47  Siege Tank  
  117  17:49  Marine  
  120  17:54  Marine  
  109  18:00  Marine  
  109  18:02  Marine  
Tags
 
Add a new tag
Caveats
  • Supply blocks, unpowered buildings, or Contaminate may cause inaccurate times.
  • Supply counts are checked every 10 seconds.